 Dungeon Crawl Stone Soup version 0.32-a0-377-g951292165a (webtiles) character file.

Game seed: 1149787865239223514

30921 Supivalvur the Bludgeoner (level 13, -24/112 HPs)
             Began as a Minotaur Monk on Feb 19, 2024.
             Was a High Priest of Zin.
             Killed from afar by Azrael (54 damage)
             ... with a bolt of fire
             ... on level 1 of the Snake Pit.
             The game lasted 02:10:37 (16318 turns).

Supivalvur the Bludgeoner (Minotaur Monk)          Turns: 16318, Time: 02:10:37

Health: -24/112    AC: 21    Str: 20    XL:     13   Next: 23%
Magic:  15/15      EV: 12    Int:  9    God:    Zin [*****.]
Gold:   397        SH:  5    Dex: 18    Spells: 12/12 levels left

rFire   x . .        X - +10 dark maul {heavy}
rCold   + . .        (shield currently unavailable)
rNeg    . . .        E - +1 chain mail
rPois   ∞            (helmet restricted)
rElec   .            b - scarf {shadows}
rCorr   .            L - +0 pair of gloves
SInv    .            G - +1 pair of boots
Will    .....        I - amulet of reflection Stlth
                     O - ring of ice
HPRegen 0.38/turn    k - +4 ring of protection
MPRegen 0.14/turn

%: reflection
@: vitalised
A: horns 2, retaliatory headbutt
a: Renounce Religion, Recite, Vitalisation, Imprison, Sanctuary, Donate Gold


You were on level 1 of the Snake Pit.
You worshipped Zin.
Zin was extremely pleased with you.
You visited 4 branches of the dungeon, and saw 15 of its levels.

You collected 1043 gold pieces.
You spent 55 gold pieces at shops.
You donated 591 gold pieces to Zin.

Inventory:

Hand Weapons
 a - a +2 heavy mace
 r - a +4 heavy spear
 V - a +2 long sword of holy wrath
 X - the +10 dark maul (weapon) {heavy}
   (You took it off a two-headed ogre on level 9 of the Dungeon)
 Z - a +2 flail of protection
Missiles
 i - a curare-tipped dart
 l - 3 boomerangs
 s - 21 poisoned darts
 v - 91 stones
 J - 11 javelins (quivered)
Armour
 b - a scarf of shadows (worn)
 n - an orb of light
 E - a +1 chain mail (worn)
 G - a +1 pair of boots (worn)
 L - a +0 pair of gloves (worn)
 Y - an orb of wrath
Magical Staves
 d - a staff of earth
 K - a staff of cold
Jewellery
 h - a ring of willpower
 k - a +4 ring of protection (right hand)
 m - a ring of resist corrosion
 I - an amulet of reflection (around neck)
 O - a ring of ice (left hand)
 U - a ring of fire
 W - a +4 ring of protection
Talismans
 x - a flux talisman
Wands
 j - a wand of mindburst (20)
 z - a wand of flame (15)
 M - a wand of roots (9)
 P - a wand of digging (9)
Scrolls
 e - 2 scrolls of torment
 o - 2 scrolls of blinking
 p - 6 scrolls of noise
 t - a scroll of fear {unknown}
 u - 2 scrolls of fog
 y - 3 scrolls of poison
 A - 2 scrolls of teleportation
 B - 2 scrolls of vulnerability
 C - a scroll of enchant weapon
 D - 2 scrolls of amnesia {unknown}
 F - 5 scrolls of immolation
 H - a scroll of acquirement {unknown}
 S - a scroll of revelation {unknown}
Potions
 c - 3 potions of ambrosia
 f - 3 potions of mutation
 g - a potion of attraction {unknown}
 q - 4 potions of curing
 N - a potion of might {unknown}
 Q - 2 potions of invisibility
 R - a potion of magic {unknown}
 T - 3 potions of enlightenment
Miscellaneous
 w - a lightning rod (4/4)


   Skills:
 + Level 9.6 Fighting
 + Level 3.1 Short Blades
 + Level 0.8(2.2) Long Blades
 + Level 15.4 Maces & Flails
 + Level 9.5 Throwing
 + Level 12.9 Armour
 + Level 7.1 Dodging
 + Level 2.7 Stealth
 + Level 3.9 Shields
 + Level 4.8 Invocations
 + Level 2.0 Evocations


You had 12 spell levels left.
You didn't know any spells.
Your spell library contained the following spells:

 Spells                   Type           Power      Damage    Failure   Level
 Sandblast                Erth           0%         2d4       89%         1
 Slow                     Hex            0%         N/A       89%         1
 Sublimation of Blood     Necr           0%         N/A       96%         2
 Confusing Touch          Hex            0%         N/A       99%         3
 Ozocubu's Armour         Ice            0%         N/A       99%         3
 Passwall                 Erth           0%         N/A       99%         3
 Sigil of Binding         Hex            0%         N/A       99%         3
 Stone Arrow              Conj/Erth      0%         3d7       99%         3
 Vampiric Draining        Necr           0%         2d6       99%         3
 Animate Armour           Summ/Erth      0%         N/A       100%        4
 Brom's Barrelling Bould  Conj/Erth      0%         2d3       100%        4
 Petrify                  Alch/Erth      0%         N/A       100%        4
 Irradiate                Conj/Alch      0%         3d11      100%        5
 Metabolic Englaciation   Hex/Ice        0%         N/A       100%        5
 Sculpt Simulacrum        Ice/Alch       0%         N/A       100%        6
 Lehudib's Crystal Spear  Conj/Erth      0%         10d2      100%        8


Dungeon Overview and Level Annotations

Branches:
Dungeon (10/15)            Temple (1/1) D:6            Lair (3/5) D:10
  Snake (1/4) Lair:3
  Swamp: Lair:2-3    Shoals: Lair:2-3       Orc: D:9-12

Altars:
Ashenzari
Cheibriados
Dithmenos
Elyvilon
Fedhas
Gozag
Hepliaklqana
Kikubaaqudgha
Makhleb
Nemelex Xobeh
Okawaru
Qazlal
Ru
Sif Muna
Trog
Uskayaw
Vehumet
Wu Jian
Xom
Yredelemnul
Zin
The Shining One
Lugonu

Shops:
D:2 !   D:5 =

Portals:
Abyss: D:10

Annotations:
Lair:1 1 runed translucent door, mojasp's ghost, journeyman CoHs
Lair:2 2 transporters
Snake:1 Azrael


Innate Abilities, Weirdness & Mutations

You have a pair of horns on your head.
You reflexively headbutt those who attack you in melee.


Message History

You miss the hell hound.
The hell hound is heavily wounded.
You block the hell hound's attack. The hell hound bites you.
The hell hound completely misses you.
You flatten the hell hound like a pancake!!!!
You kill the hell hound!
The fire elemental hits you. The fire elemental burns you!
The fire burns you terribly! The fire elemental hits you.
The fire elemental burns you! The fire burns you terribly!
You closely miss the fire elemental.
Your headbutt misses the fire elemental.
The fire elemental barely misses you. You block the fire elemental's attack.
The fire elemental hits you. The fire elemental burns you!
The fire burns you terribly!
You barely miss the fire elemental. The fire elemental closely misses you.
You furiously retaliate!
You headbutt the fire elemental! The fire elemental misses you.
You furiously retaliate!
You headbutt the fire elemental.
Azrael the Boundless Flame comes into view.
He is wielding a +3 scimitar of flaming.
The fire elemental hits you. The fire elemental burns you!
The fire burns you terribly!
Azrael moves out of view.
You pound the fire elemental like an anvil!!!
You destroy the fire elemental!
You hear a bark!
A hell hound comes into view.
You hear a bark!
You barely miss Azrael.
Azrael hits you with a +3 scimitar of flaming.
Azrael burns you. Azrael gestures at you.
The sphere of damnation explodes!
The damnation engulfs you!!!
* * * LOW HITPOINT WARNING * * *
The damnation engulfs Azrael.
Azrael completely resists.
You block Azrael's attack.
You hear a bark!
You barely miss Azrael. You headbutt Azrael.
Azrael is lightly wounded.
Azrael gestures at you. The bolt of fire hits you!!!
The fire burns you terribly!
You die...

##.## ##..## ###..#
.....####### .
...........# #○#
...........# ####.E○#
...........# #.°h.#
....##.....# #R##########
#.####.#...####.@........#
#..........#....########.#
########.....##.#....#...#
##.#>....##.#.#.###
#.########[#.#.# #.#
#.#.#.# #.# #.....# #.#
###.### #.##########.#


You could see Azrael.

Vanquished Creatures
  A catoblepas (D:10)
  4 anacondas (Snake:1)
  6 two-headed ogres
  A shock serpent (Snake:1)
  A naga sharpshooter (Snake:1)
  A skyshark (Lair:3)
  A mana viper (Snake:1)
  A naga ritualist (Snake:1)
  A salamander (Snake:1)
  A cyclops (D:9)
  3 naga magi (Snake:1)
  7 black mambas
  2 kobold demonologists (D:8)
  2 cane toads
  A gargoyle (D:10)
  A rime drake (Lair:1)
  9 komodo dragons
  3 trolls
  A polar bear (Lair:2)
  2 hornets (D:10)
  7 blink frogs
  7 dream sheep (Lair:2)
  A shadow (D:10)
  A wyvern (Lair:3)
  3 vampires
  16 yaks
  A basilisk (Lair:3)
  A fire elemental (Snake:1)
  Menkaure (D:7)
  10 nagas
  An acid dragon (D:9)
  A hell hound (Snake:1)
  5 water moccasins
  4 orc warriors
  2 sky beasts
  2 ice beasts
  4 black bears
  3 ogres
  7 wolves
  A phantom (D:5)
  3 centaurs
  2 kobold brigands (D:8)
  3 bullfrogs
  3 gnoll sergeants
  4 wights (D:7)
  11 killer bees (D:9)
  2 howler monkeys (D:8)
  A lava snake (Snake:1)
  5 hounds
  4 jellies
  2 orc priests
  6 iguanas
  Ijyb (D:5)
  Natasha (thrice) (D:4)
  11 orc wizards
  8 adders
  22 gnolls
  A shadow imp (D:7)
  6 white imps
  2 ufetubi (D:5)
  2 dart slugs (D:1)
  2 ribbon worms
  28 orcs
  5 endoplasms
  6 giant cockroaches
  10 goblins
  5 hobgoblins
  7 jackals (D:5)
  7 quokkas
  8 ball pythons
  5 bats
  2 frilled lizards
  12 kobolds
  4 rats
330 creatures vanquished.

Vanquished Creatures (others)
  A lurking horror (D:10)
1 creature vanquished.

Grand Total: 331 creatures vanquished

Notes
Turn   | Place    | Note
-------+----------+-------------------------------------------
     0 | D:1      | Supivalvur the Minotaur Monk began the quest for the Orb.
     0 | D:1      | Reached XP level 1. HP: 19/19 MP: 0/0
   442 | D:1      | Reached XP level 2. HP: 27/27 MP: 1/1
   825 | D:1      | Reached skill level 4 in Maces & Flails
  1047 | D:1      | Reached XP level 3. HP: 33/33 MP: 2/2
  1440 | D:2      | Found Ynuzuxzo's Distillery.
  1519 | D:2      | Reached skill level 1 in Throwing
  1532 | D:2      | Reached XP level 4. HP: 37/41 MP: 3/3
  2174 | D:2      | Bought a potion of heal wounds for 55 gold pieces
  2261 | D:2      | Reached skill level 1 in Armour
  2451 | D:3      | Found a hide-covered altar of Uskayaw.
  3023 | D:3      | Found an ancient bone altar of Kikubaaqudgha.
  3023 | D:3      | Found a broken altar of Ashenzari.
  3031 | D:3      | Reached XP level 5. HP: 46/47 MP: 4/4
  3145 | D:4      | Found a sparkling altar of Nemelex Xobeh.
  3319 | D:4      | Reached skill level 5 in Maces & Flails
  3543 | D:4      | Noticed Natasha
  3549 | D:4      | Reached skill level 1 in Stealth
  3550 | D:4      | Killed Natasha
  3551 | D:4      | Reached XP level 6. HP: 50/53 MP: 5/5
  3832 | D:4      | Noticed Natasha
  3836 | D:4      | Killed Natasha
  3965 | D:4      | Noticed Natasha
  3975 | D:4      | Killed Natasha
  3976 | D:4      | Reached skill level 1 in Short Blades
  4554 | D:5      | Entered Level 5 of the Dungeon
  4617 | D:5      | Noticed Ijyb
  4629 | D:5      | Killed Ijyb
  4635 | D:5      | Found a snail-covered altar of Cheibriados.
  4724 | D:5      | Found Xopteg's Jewellery Shoppe.
  4760 | D:5      | Reached XP level 7. HP: 21/60 MP: 6/6
  4803 | D:5      | Reached skill level 5 in Fighting
  4917 | D:5      | Reached skill level 5 in Armour
  5116 | D:5      | Found a glowing silver altar of Zin.
  5124 | D:5      | Found a basalt altar of Yredelemnul.
  5176 | D:5      | Became a worshipper of Zin the Law-Giver
  5176 | D:5      | Reached * piety under Zin
  5176 | D:5      | Reached ** piety under Zin
  5176 | D:5      | Reached *** piety under Zin
  5178 | D:5      | Donated 129 gold pieces to Zin
  5840 | D:6      | Found a staircase to the Ecumenical Temple.
  5924 | Temple   | Entered the Ecumenical Temple
  6003 | D:6      | Reached XP level 8. HP: 68/68 MP: 7/7
  6088 | D:6      | Found a radiant altar of Vehumet.
  6237 | D:6      | Reached skill level 6 in Maces & Flails
  6356 | D:6      | Noticed a two-headed ogre
  6371 | D:6      | Found a hazy altar of Hepliaklqana.
  6555 | D:6      | Reached skill level 5 in Throwing
  7177 | D:7      | Noticed Menkaure
  7182 | D:7      | Killed Menkaure
  7199 | D:7      | Reached **** piety under Zin
  7206 | D:7      | Found an iron altar of Okawaru.
  7327 | D:7      | Found a bloodstained altar of Trog.
  7349 | D:7      | Reached XP level 9. HP: 75/75 MP: 8/8
  7461 | D:7      | Reached skill level 7 in Maces & Flails
  8206 | D:7      | Found an opulent altar of Gozag.
  8400 | D:8      | Noticed a two-headed ogre
  8426 | D:8      | Killed a two-headed ogre
  8427 | D:8      | Reached skill level 5 in Dodging
  8452 | D:8      | Reached skill level 1 in Invocations
  8459 | D:8      | Reached skill level 8 in Maces & Flails
  8469 | D:8      | Found an ornate altar of the Wu Jian Council.
  9332 | D:8      | Noticed a kobold demonologist
  9348 | D:8      | Killed a kobold demonologist
  9349 | D:8      | Reached XP level 10. HP: 60/84 MP: 6/9
  9357 | D:8      | Reached skill level 9 in Maces & Flails
 10046 | D:9      | Noticed a two-headed ogre
 10062 | D:9      | Killed a two-headed ogre
 10086 | D:9      | Reached skill level 10 in Maces & Flails
 10179 | D:9      | Reached ***** piety under Zin
 10262 | D:9      | Found a flagged portal.
 10411 | D:9      | Reached skill level 10 in Armour
 10567 | D:9      | Noticed a two-headed ogre
 10574 | D:9      | Killed a two-headed ogre
 10586 | D:9      | Noticed a two-headed ogre
 10586 | D:9      | Noticed a two-headed ogre
 10614 | D:9      | Killed a two-headed ogre
 10615 | D:9      | Reached XP level 11. HP: 93/93 MP: 11/11
 10622 | D:9      | Killed a two-headed ogre
 11010 | D:9      | Reached skill level 11 in Maces & Flails
 11010 | D:9      | Noticed a two-headed ogre
 11039 | D:9      | Killed a two-headed ogre
 11455 | D:10     | Entered Level 10 of the Dungeon
 11494 | D:10     | Found a corrupted altar of Lugonu.
 11494 | D:10     | Found a one-way gate to the infinite horrors of the Abyss.
 11637 | D:10     | Found a staircase to the Lair.
 11685 | Lair:1   | Entered Level 1 of the Lair of Beasts
 11713 | Lair:1   | Noticed a catoblepas
 11730 | D:10     | HP: 2/94 [catoblepas (9)]
 11731 | D:10     | Zin protects you from harm!
 11737 | D:10     | Zin protects you from harm!
 11748 | D:10     | Killed a catoblepas
 12305 | D:10     | Found a sacrificial altar of Ru.
 12664 | D:10     | Reached skill level 12 in Maces & Flails
 13138 | Lair:1   | Reached skill level 1 in Shields
 13213 | Lair:1   | Reached XP level 12. HP: 66/103 MP: 13/13
 13350 | Lair:1   | Found a runed translucent door.
 13351 | Lair:1   | Noticed mojasp's ghost (journeyman CoHs)
 13917 | Lair:2   | Reached skill level 13 in Maces & Flails
 13946 | Lair:2   | Reached skill level 1 in Evocations
 14143 | Lair:2   | Found a transporter.
 14160 | Lair:2   | Found a transporter.
 14752 | Lair:3   | Reached skill level 14 in Maces & Flails
 14760 | Lair:3   | Noticed a catoblepas
 14762 | Lair:3   | Noticed a six-headed hydra
 14879 | Lair:3   | Found a staircase to the Snake Pit.
 14887 | Snake:1  | Entered Level 1 of the Snake Pit
 15223 | Snake:1  | Donated 364 gold pieces to Zin
 15352 | Snake:1  | Noticed an anaconda
 15359 | Snake:1  | Killed an anaconda
 15360 | Snake:1  | Reached skill level 15 in Maces & Flails
 15360 | Snake:1  | Reached XP level 13. HP: 60/111 MP: 10/15
 16315 | Snake:1  | Noticed Azrael
 16318 | Snake:1  | Killed from afar by Azrael

Illustrated notes

Levels and vault maps discovered:
D:1:      dpeg_arrival_yet_another_circle, layout_basic,
          minmay_worlds_worst_comb
D:2:      wander_river, layout_loops_ring, serial_shops, shop,
          minmay_small_reverse_x
D:3:      layout_rooms, amethyst_overflow_temple_binary,
          nicolae_uskayaw_suspiria, kennysheep_cluttered_room
D:4:      layout_basic, nemelex_xobeh_ov_fountains_minmay, uniq_natasha
D:5:      layout_cave_pools, jmf_multi_god_temple,
          mainiacjoe_overflow_small_starburst, serial_shops, shop,
          chequers_serial_rivers_micro_a, grunt_ministairs_6, uniq_ijyb
D:6:      layout_loops_cross, lemuel_tele_altar, lemuel_coloured_pillars_altar,
          minmay_temple_entry_overgrown, minmay_misc_feat_enclosed
D:7:      layout_loops_ring, lightli_temple_of_fire,
          nicolae_gozag_cash_rules_everything_around_me, kennysheep_mini,
          hangedman_decor_lopped, uniq_menkaure
D:8:      layout_loops_ring, nicolae_overflow_crystal_walls, serial_aquarium,
          aquarium_bridge_long_separate [aquarium_subvault_window,
          aquarium_subvault_bridge, aquarium_subvault_balcony,
          aquarium_subvault_window, aquarium_subvault_bridge,
          aquarium_subvault_window], aquarium_window_corner,
          aquarium_window_fake, aquarium_view_2c, aquarium_view_2d,
          aquarium_pool_four, serial_library_regret_index_headful
D:9:      layout_cave_pools, enter_bailey_3, hellmonk_guarded_unrand_dark_maul
D:10:     layout_long_grid, nicolae_ru_the_path_less_chosen,
          david_lair_shrubbed, amcnicky_altar_lugonu_corruption
Temple:   hellmonk_temple_rainy
Lair:1:   layout_regular_city, hellmonk_ghost_happy_afterlife,
          grunt_megastairs_3, lemuel_fruit_fields
Lair:2:   gammafunk_worm_tunnel, layout_long_grid
Lair:3:   layout_cellular_growth, swamp_mist, nicolae_snake_entry_squirm,
          gauntlet_entry_generic, ebering_ghost_disaster_area,
          pdpol_lair_cabin_in_the_woods
Snake:1:  layout_basic, uniq_azrael

Skill      XL: |  1  2  3  4  5  6  7  8  9 10 11 12 13 |
---------------+----------------------------------------+-----
Fighting       | 4 5 6 7 8 9 |  9.6
Maces & Flails | 4 5 6 8 10 12 15 | 15.4
Throwing       | 1 2 3 6 7 8 9 |  9.5
Dodging        | 4 5 6 7 |  7.1
Armour         | 1 2 4 6 7 8 10 11 12 | 12.9
Stealth        | 1 2 |  2.7
Short Blades   | 1 3 |  3.1
Invocations    | 1 2 4 |  4.8
Shields        | 1 3 |  3.9
Evocations     | 1 2 |  2.0
Long Blades    | |  0.8

Action                     |  1- 3 |  4- 6 |  7- 9 | 10-12 | 13-15 || total
---------------------------+-------+-------+-------+-------+-------++-------
  Melee: Mace              |    48 |    23 |    84 |   147 |       ||   302
         Headbutt          |    13 |    29 |    55 |    52 |     2 ||   151
         Dagger            |       |    80 |    17 |       |       ||    97
         Whip              |       |       |   106 |       |       ||   106
         Scimitar          |       |       |     4 |       |       ||     4
         Maul              |       |       |       |   129 |    32 ||   161
  Throw: Stone             |     4 |       |       |       |       ||     4
         Javelin           |       |    31 |    38 |     3 |       ||    72
         Dart              |       |     2 |    76 |    43 |     1 ||   122
 Invoke: Donate Gold       |       |       |     1 |     1 |       ||     2
         Vitalisation      |       |       |     4 |    22 |     4 ||    30
  Evoke: Wand              |       |       |       |    22 |       ||    22
         Lightning rod     |       |       |       |     1 |       ||     1
    Use: Scroll            |       |     3 |    14 |     8 |     1 ||    26
         Potion            |       |       |     2 |     6 |     2 ||    10
   Stab: Petrified         |       |       |       |     1 |       ||     1
 Armour: Robe              |    11 |       |       |       |       ||    11
         Leather armour    |     8 |     9 |       |       |       ||    17
         Scale mail        |       |    16 |       |       |       ||    16
         Chain mail        |       |    63 |   158 |   468 |    61 ||   750
  Dodge: Dodged            |    31 |    62 |   105 |   296 |    31 ||   525
  Block: Other             |       |       |       |    50 |    16 ||    66
         Reflection        |       |       |       |     3 |     1 ||     4

Table legend: (Time is in decaauts)
 A = Elapsed time spent in this place.
 B = Non-inter-level travel time spent in this place.
 C = Inter-level travel time spent in this place.
 D = Time resting spent in this place.
 E = Time spent auto-exploring this place.
 F = Levels seen in this place.
 G = Mean time per level.
                   A        B        C        D        E       F      G
               +--------+--------+--------+--------+--------+-----+--------+
         Total |  16690 |  16690 |      0 |   3244 |      0 |  15 | 1112.7 |
       Dungeon |  13003 |  13003 |      0 |   2265 |      0 |  10 | 1300.3 |
        Temple |     31 |     31 |      0 |      0 |      0 |   1 |   31.0 |
          Lair |   2138 |   2138 |      0 |    212 |      0 |   3 |  712.7 |
     Snake Pit |   1515 |   1515 |      0 |    767 |      0 |   1 | 1515.0 |
               +--------+--------+--------+--------+--------+-----+--------+

Top non-repeatable levels by time:
     D:8: 1677 daAuts
 Snake:1: 1515 daAuts
     D:9: 1478 daAuts
    D:10: 1461 daAuts
     D:1: 1446 daAuts
     D:4: 1413 daAuts
     D:6: 1299 daAuts
     D:5: 1275 daAuts
     D:7: 1198 daAuts
  Lair:1: 1064 daAuts
     D:2: 958 daAuts
  Lair:2: 857 daAuts
     D:3: 794 daAuts
  Lair:3: 217 daAuts
  Temple: 31 daAuts
